 Dungeon Crawl Stone Soup version 0.18-a0-246-gbfa2ae1 (webtiles) character file.

9592 Duffy the Fencer (level 11, 0/91 (95) HPs)
             Began as a Minotaur Berserker on Nov 25, 2015.
             Was a High Priest of Trog.
             Slain by a yak (3 damage)
             ... on level 11 of the Dungeon.
             The game lasted 00:14:30 (12638 turns).

Duffy the Fencer (Minotaur Berserker)              Turns: 12638, Time: 00:14:31

HP:   0/91 (95)     AC: 13    Str: 22    XL:     11   Next: 25%
MP:   10/10         EV:  7    Int:  8    God:    Trog [*****.]
Gold: 187           SH:  0    Dex: 13    Spells: 0 memorised, 10 levels left

rFire  + + +     SeeInvis .     P - +1 scimitar
rCold  + . .     Clarity  .     a - +0 plate armour {rF+}
rNeg   . . .     SustAt   .     (no shield)
rPois  .         Gourm    .     (helmet restricted)
rElec  .         Spirit   .     (no cloak)
rCorr  .         Warding  .     (no gloves)
rMut   .         Stasis   +     (no boots)
MR     .....                    X - amulet of Cutef {Stasis +Inv rF+ Int+4}
Stlth  ..........               M - ring of protection from cold
                                Q - ring of protection from fire

@: not resistant to hostile enchantments, extremely unstealthy
A: retaliatory headbutt, horns 2
a: Berserk, Trog's Hand, Brothers in Arms, Burn Spellbooks, Renounce Religion,
Evoke Invisibility


You were on level 11 of the Dungeon.
You worshipped Trog.
Trog was extremely pleased with you.
You were very hungry.

You visited 2 branches of the dungeon, and saw 12 of its levels.

You collected 708 gold pieces.
You spent 521 gold pieces at shops.


Innate Abilities, Weirdness & Mutations

You reflexively headbutt those who attack you in melee.
You have a pair of horns on your head.


   Skills:
 + Level 8.6 Fighting
 * Level 17.1 Long Blades
 + Level 8.0 Armour
 - Level 2.1 Dodging


You had 10 spell levels left.
You didn't know any spells.

Inventory:

Hand Weapons
 P - a +1 scimitar (weapon)
Missiles
 o - 5 javelins
 s - 14 tomahawks (quivered)
 v - 6 poisoned needles
 U - a throwing net
Armour
 a - a +0 plate armour of fire resistance (worn)
Jewellery
 e - an uncursed ring of see invisible
 E - an uncursed ring of teleportation
 M - a ring of protection from cold (right hand)
 Q - a ring of protection from fire (left hand)
 X - the amulet of Cutef (around neck) {Stasis +Inv rF+ Int+4}

   [amulet of stasis]

   It prevents you from being teleported, slowed, hasted or paralysed.
   It affects your intelligence (+4).
   It protects you from fire.
   It lets you turn invisible.
Wands
 j - a wand of lightning (11)
 x - a wand of disintegration (17)
 F - a wand of draining (4)
 K - a wand of heal wounds (9)
 N - a wand of enslavement (11)
 W - a wand of magic darts (31)
 Z - a wand of random effects (19)
Scrolls
 f - 2 scrolls of random uselessness {unknown}
 g - 2 scrolls of fog {unknown}
 p - 7 scrolls of remove curse
 q - a scroll of noise {unknown}
 r - 2 scrolls of recharging
 u - 2 scrolls of immolation {unknown}
 y - 4 scrolls of magic mapping
 D - 4 scrolls of teleportation
 G - 2 scrolls of fear {unknown}
 I - a scroll of enchant armour
 V - a scroll of amnesia {unknown}
Potions
 b - a potion of cancellation {unknown}
 d - 4 potions of heal wounds
 h - 2 potions of ambrosia
 i - a potion of brilliance {unknown}
 k - 4 potions of might
 t - a potion of haste
 z - a potion of agility
 A - a potion of magic
 B - a potion of invisibility
 H - 3 potions of curing
 J - a potion of mutation {unknown}
 R - a potion of resistance {unknown}
Comestibles
 c - 5 bread rations
 l - 3 meat rations
 m - a royal jelly
 n - a slice of pizza
 S - 2 fruits
 T - 6 beef jerkies

Dungeon Overview and Level Annotations

Branches:
Dungeon (11/15)            Temple (1/1) D:6            Lair (0/8) D:10
    Orc (0/4) D:10

Altars:
Ashenzari
Cheibriados
Dithmenos
Elyvilon
Fedhas
Gozag
Kikubaaqudgha
Makhleb
Nemelex Xobeh
Okawaru
Qazlal
Ru
Sif Muna
Trog
Vehumet
Xom
Yredelemnul
Zin
The Shining One

Shops:
D:7 ?   D:8 (   D:10 (*


Message History

The yak moves out of view.
You slash the hill giant!
You kill the hill giant!
Trog accepts your kill.
Your Armour skill increases to level 8!
You slash the yak!
The yak is moderately wounded.
The yak gores you but does no damage.
A yak comes into view.
You slash the yak! You headbutt the yak.
The yak is severely wounded.
You barely miss the yak.
The yak is severely wounded.
The yak gores you.
Your plate armour prevents you from hitting the yak.
Your headbutt misses the yak.
The yak is severely wounded.
The yak gores you!
You hit the yak but do no damage. You headbutt the yak!
You kill the yak!
Trog accepts your kill.
You slash the yak!
The yak is moderately wounded.
You are feeling very hungry.
The yak gores you!
You hit the yak.
The yak is moderately wounded.
You hit the yak.
The yak is moderately wounded.
The yak gores you!
Your plate armour prevents you from hitting the yak.
You headbutt the yak, but do no damage.
The yak is moderately wounded.
The yak gores you.
You die...

. #... ###. ####
#...########..
.....
...........#[#
###.....
............#
#.......
.......)..#####<# #
#.#####.<......# #.
#YYY@....##.####
#.. #.Y#####.##.#
#...#..#####.##.#
#.........##.##.#
.........##.##.##..
.......#... ...####
..####.##....... .
#. .#.###.# ..
...YY #


You could see 4 yaks.

Action                   |  1- 3 |  4- 6 |  7- 9 | 10-12 || total
-------------------------+-------+-------+-------+-------++-------
Melee: Falchion          |    77 |   197 |     7 |       ||   281
       Long sword        |       |       |   338 |       ||   338
       Scimitar          |       |       |    58 |   322 ||   380
Invok: Berserk           |     1 |     1 |     4 |     1 ||     7
       Trog's Hand       |       |       |       |     2 ||     2
  Use: Scroll            |       |       |     6 |     7 ||    13
  Eat: Chunk             |     2 |    11 |    20 |    11 ||    44

Notes
Turn   | Place    | Note
--------------------------------------------------------------
     0 | D:1      | Duffy the Minotaur Berserker began the quest for the Orb.
     0 | D:1      | Reached XP level 1. HP: 19/19 MP: 0/0
    60 | D:1      | Reached skill level 4 in Long Blades
   143 | D:1      | Reached XP level 2. HP: 26/26 MP: 1/1
   548 | D:1      | Reached ** piety under Trog
   619 | D:1      | Reached skill level 5 in Long Blades
   717 | D:1      | Reached XP level 3. HP: 29/31 MP: 2/2
  1134 | D:2      | Reached skill level 6 in Long Blades
  1134 | D:2      | Reached XP level 4. HP: 36/39 MP: 3/3
  1653 | D:2      | Reached *** piety under Trog
  2439 | D:2      | Reached XP level 5. HP: 36/45 MP: 4/4
  2525 | D:3      | Found an ancient bone altar of Kikubaaqudgha.
  2537 | D:3      | Reached skill level 7 in Long Blades
  3078 | D:3      | Noticed Natasha
  3082 | D:3      | Killed Natasha
  3111 | D:3      | Reached skill level 8 in Long Blades
  3155 | D:3      | Noticed Natasha
  3169 | D:3      | Killed Natasha
  3294 | D:3      | Noticed confidenceinterval's ghost (amateur DDFi)
  3314 | D:3      | Killed confidenceinterval's ghost
  3314 | D:3      | Reached XP level 6. HP: 51/51 MP: 5/5
  3402 | D:3      | Noticed Natasha
  3403 | D:3      | Killed Natasha
  3444 | D:3      | Reached skill level 9 in Long Blades
  3492 | D:3      | Found a glowing golden altar of the Shining One.
  3812 | D:3      | Found an iron altar of Okawaru.
  3948 | D:3      | Reached **** piety under Trog
  4242 | D:4      | Reached XP level 7. HP: 30/57 MP: 6/6
  4713 | D:5      | Entered Level 5 of the Dungeon
  4755 | D:5      | Reached skill level 10 in Long Blades
  4922 | D:5      | Noticed Menkaure
  4934 | D:5      | Killed Menkaure
  5154 | D:5      | Reached skill level 11 in Long Blades
  5374 | D:4      | Reached XP level 8. HP: 64/64 MP: 7/7
  5651 | D:6      | Reached skill level 12 in Long Blades
  5765 | D:6      | Found a staircase to the Ecumenical Temple.
  5791 | Temple   | Entered the Ecumenical Temple
  6325 | D:6      | Found a shimmering altar of Xom.
  6618 | D:6      | Reached skill level 13 in Long Blades
  6929 | D:7      | Found Xeadd's Magic Scroll Emporium.
  6936 | D:7      | Bought a scroll of enchant armour for 120 gold pieces
  6936 | D:7      | Bought a scroll of identify for 32 gold pieces
  6936 | D:7      | Bought a scroll of teleportation for 48 gold pieces
  6936 | D:7      | Bought a scroll of magic mapping for 56 gold pieces
  6936 | D:7      | Bought a scroll of teleportation for 48 gold pieces
  7032 | D:7      | Noticed a two-headed ogre
  7037 | D:7      | Killed a two-headed ogre
  7037 | D:7      | Reached XP level 9. HP: 70/70 MP: 8/8
  7274 | D:7      | Reached skill level 14 in Long Blades
  7520 | D:7      | You fall through a shaft!
  7610 | D:7      | Found a glowing silver altar of Zin.
  8199 | D:7      | Found a radiant altar of Vehumet.
  8200 | D:7      | Found a burning altar of Makhleb.
  8304 | D:8      | Reached skill level 4 in Fighting
  8309 | D:8      | Reached skill level 3 in Armour
  8531 | D:8      | Received a gift from Trog
  8815 | D:8      | Reached skill level 15 in Long Blades
  8827 | D:8      | Reached skill level 4 in Armour
  8833 | D:8      | Reached skill level 5 in Fighting
  8943 | D:8      | Found Idifeib's Weapon Shoppe.
  9657 | D:9      | Noticed Grum
  9668 | D:9      | Reached ***** piety under Trog
  9668 | D:9      | Reached skill level 5 in Armour
  9668 | D:9      | Reached XP level 10. HP: 80/80 MP: 9/9
  9673 | D:9      | Reached skill level 6 in Fighting
  9676 | D:9      | Killed Grum
 10317 | D:9      | Reached skill level 6 in Armour
 10478 | D:10     | Entered Level 10 of the Dungeon
 10508 | D:10     | Reached skill level 7 in Fighting
 10508 | D:10     | Reached skill level 16 in Long Blades
 10940 | D:10     | Noticed an elephant
 10962 | D:10     | Killed an elephant
 10983 | D:10     | Reached skill level 7 in Armour
 11302 | D:10     | Found a staircase to the Lair.
 11490 | D:10     | Reached skill level 8 in Fighting
 11619 | D:10     | Found Nic Fera's Assorted Antiques.
 11624 | D:10     | Bought a twitching ruby amulet for 155 gold pieces
 11624 | D:10     | Identified the amulet of Cutef {Stasis +Inv rF+ Int+4} (You bought it in a shop on level 10 of the Dungeon)
 11625 | D:10     | Bought a scroll labeled SOASTUGAMN for 31 gold pieces
 11625 | D:10     | Bought a scroll labeled LEACUSH UPLE for 31 gold pieces
 11687 | D:10     | Reached XP level 11. HP: 85/91 MP: 10/10
 11814 | D:10     | Found a staircase to the Orcish Mines.
 11988 | D:10     | Found Ovvem's Weapon Shoppe.
 12097 | D:10     | Noticed Urug
 12111 | D:10     | Killed Urug
 12407 | D:10     | Reached skill level 17 in Long Blades
 12611 | D:11     | Noticed a hill giant
 12629 | D:11     | Killed a hill giant
 12629 | D:11     | Reached skill level 8 in Armour
 12638 | D:11     | Slain by a yak

Vault maps used:
D:1:      dpeg_arrival_tiny_j, corner_web_ring, grunt_decor_arrowhead
D:3:      okawaru_altar_gauntlet_db, nicolae_tso_carved_into_rock,
          kiku_gazebo_pond_becter, uniq_natasha
D:5:      first_bread, uniq_menkaure
D:6:      xom_teletrap_fun, minmay_temple_entry_statues_fountains
D:7:      grunt_temple_overflow_lords_of_destruction,
          lemuel_coloured_pillars_altar, serial_shops, shop
D:8:      serial_shops, shop
D:9:      grunt_ogre_cave, uniq_grum
D:10:     david_lair_generic, orc_david_3, serial_shops, kennysheep_little_box,
          serial_undead, serial_undead_d, serial_undead_f, serial_undead_e,
          serial_undead_d, serial_undead_b, serial_undead_d, uniq_urug
D:11:     item_on_display_a
Temple:   circular_temple_12

Vanquished Creatures
  Urug
  A hill giant
  An elephant
  A troll
  2 two-headed ogres
  2 yaks
  A deep elf mage
  The ghost of confidenceinterval the Chopper, an amateur DDFi Grum
  4 wolves Menkaure
  3 hippogriffs
  2 sky beasts
  5 necrophages
  4 orc warriors
  4 centaurs
  4 ogres
  An ice beast
  An eye of draining
  2 black bears
  A crocodile
  A big kobold
  A gnoll sergeant
  7 giant frogs
  A scorpion
  A wyvern skeleton
  17 wights
  10 killer bees
  4 jellies
  A crimson imp
  2 centaur zombies
  5 hounds
  5 orc priests
  2 giant frog zombies
  A centaur skeleton
  3 giant frog skeletons
  10 orc wizards
  4 iguanas
  Natasha (thrice)
  6 worker ants
  2 killer bee zombies
  A hound zombie
  A sheep
  2 hound skeletons
  A worker ant zombie
  12 adders
  15 gnolls
  A shadow imp
  2 adder zombies
  3 worms
  59 orcs
  10 giant cockroaches
  12 hobgoblins
  10 bats
  5 giant geckos
  6 giant newts
  11 goblins
  13 jackals
  9 kobolds
  6 quokkas
  A quokka zombie
  14 rats
  A plant
324 creatures vanquished.
